Rangers vs MapleLeafs (R4)

Created - 26 novembre 2020 at 20:32

Goals
1 2 3 T
Rangers 0 1 2 3
MapleLeafs 0 0 1 1
Shots
1 2 3 T
Rangers 10 11 13 34
MapleLeafs 11 3 11 25

1st period

No Goal

Penalties :
Connor McDavid (NYR) for Roughing (Minor) at 7:14, Joel Edmundson (TOR) for Fighting (Major) at 19:43, Erik Cernak (NYR) for Fighting (Major) at 19:43

2nd period

1. Rangers , Andrew Ladd 3 (Vincent Trocheck 3, Cam Atkinson 5) at 9:56

Penalties :
Tyler Johnson (TOR) for Roughing (Minor) at 1:47, Leo Komarov (TOR) for Hooking (Minor) at 4:43, Dmitry Kulikov (NYR) for Tripping (Minor) at 10:38

3rd period

2. Rangers , Cam Atkinson 5 (Matt Niskanen 9, Nick Leddy 13) at 5:19
3. MapleLeafs , Sebastian Aho 3 (Dustin Brown 5, Ryan Murray 11) at 18:02
4. Rangers , Nick Bonino 5 (Cal Clutterbuck 1) at 18:27

Penalties :
David Savard (NYR) for Hooking (Minor) at 2:33, Ondrej Palat (TOR) for High sticking (Minor) at 7:44, Samuel Blais (TOR) for Fighting (Major) at 13:43, Zach Hyman (NYR) for Fighting (Major) at 13:43, Cody Ceci (TOR) for Fighting (Major) at 13:43, Matt Niskanen (NYR) for Fighting (Major) at 13:43, Jay Beagle (TOR) for Roughing (Minor) at 13:43, Roope Hintz (TOR) for Cross-checking (Minor) at 13:43, Nick Leddy (NYR) for Slashing (Minor) at 13:43, Alexander Radulov (NYR) for Slashing (Minor) at 13:43, Mike Matheson (TOR) for High sticking (Minor) at 13:43, Dmitry Kulikov (NYR) for Hooking (Minor) at 19:24

Goalie Stats

Joonas Korpisalo (NYR), 24 saves from 25 shots - (0,960), W, 5-2-0, 60:00 minutes
Jimmy Howard (TOR), 31 saves from 34 shots - (0,912), L, 5-8-0, 60:00 minutes

Players Stats for Rangers

Player Name              G  A  P  +/- PIM S  H  SB GA TA FO     MP     PP MP  PK MP  
------------------------------------------------------------------------------------
Alexander Radulov        0  0  0   0  2   2  2  0  0  0  1/3    19:03   1:26   0:01 
Andrew Ladd              1  0  1   2  0   3  0  0  0  0  1/2    11:55   0:00   0:00 
Brandon Pirri            0  0  0  -1  0   1  0  0  0  0  6/9     9:45   0:42   0:00 
Cal Clutterbuck          0  1  1   1  0   1  3  1  0  0  0/0    13:15   0:42   3:30 
Cam Atkinson             1  1  2   2  0   6  0  0  0  0  2/3    17:24   3:49   0:01 
Connor McDavid           0  0  0   0  2   5  0  0  0  0  8/23   19:29   1:26   0:00 
David Savard             0  0  0   0  2   1  3  2  0  0  0/0    22:53   0:42   2:13 
Devin Shore              0  0  0  -1  0   0  2  0  0  0  0/2    10:34   0:42   0:00 
Dmitry Kulikov           0  0  0   1  4   0  1  0  0  0  0/0    18:41   0:42   0:50 
Erik Cernak              0  0  0   0  5   0  0  1  0  0  0/0     4:53   0:00   0:00 
Matt Niskanen            0  1  1   2  5   1  3  0  0  0  0/0    22:08   2:31   3:18 
Milan Lucic              0  0  0  -1  0   2  2  0  0  0  0/0     8:24   0:00   0:00 
Nick Bonino              1  0  1   1  0   5  0  0  0  0  11/16  15:34   2:44   2:46 
Nick Leddy               0  1  1   1  2   0  1  1  0  0  0/0    25:10   2:31   3:08 
Noel Acciari             0  0  0   1  0   1  0  0  0  0  0/0    15:16   3:49   2:46 
Ryan McDonagh            0  0  0   0  0   3  2  1  0  0  0/0    20:06   2:44   3:33 
Vincent Trocheck         0  1  1   2  0   2  2  0  0  0  12/22  19:17   3:49   3:45 
Zach Hyman               0  0  0   0  5   1  4  0  0  0  1/2    17:33   1:26   0:17 

Players Stats for MapleLeafs

Player Name              G  A  P  +/- PIM S  H  SB GA TA FO     MP     PP MP  PK MP  
------------------------------------------------------------------------------------
Anton Stralman           0  0  0   0  0   0  0  4  0  0  0/0    22:11   3:37   3:55 
Cody Ceci                0  0  0   0  5   3  0  0  0  0  0/0    17:00   0:00   2:33 
Derrick Pouliot          0  0  0  -1  0   0  4  0  0  0  0/0    16:01   0:00   1:04 
Dustin Brown             0  1  1   0  0   2  5  1  0  0  0/1    21:04   3:07   2:05 
Jack Hughes              0  0  0  -1  0   1  0  0  0  0  1/2     9:33   0:00   2:29 
Jay Beagle               0  0  0   0  2   1  0  1  0  0  9/14    9:42   0:00   0:00 
Joel Edmundson           0  0  0   0  5   1  4  3  0  0  0/0    19:56   2:39   2:50 
Kyle Okposo              0  0  0  -1  0   1  1  0  0  0  0/1    16:55   3:25   0:07 
Leo Komarov              0  0  0  -1  2   0  1  0  0  0  0/0     7:03   0:00   0:00 
Matt Duchene             0  0  0  -1  0   1  0  0  0  0  13/27  21:08   3:25   4:20 
Mike Matheson            0  0  0  -1  2   5  1  1  0  0  0/0    20:36   2:55   1:13 
Ondrej Palat             0  0  0  -1  2   2  4  0  0  0  0/1    17:51   3:25   0:49 
Roope Hintz              0  0  0   0  2   2  1  0  0  0  0/0     9:42   0:00   0:00 
Ryan Murray              0  1  1  -2  0   2  0  1  0  0  0/0    23:33   3:53   3:52 
Samuel Blais             0  0  0   0  5   0  1  0  0  0  0/1     9:12   0:00   0:00 
Sebastian Aho            1  0  1   0  0   4  2  0  0  0  16/27  21:49   3:07   3:20 
Tomas Jurco              0  0  0  -1  0   0  0  0  0  0  0/7     7:11   0:00   0:07 
Tyler Johnson            0  0  0   0  2   0  2  0  0  0  1/1    19:29   3:07   1:01 

3 Stars

1 - Cam Atkinson (NYR)
2 - Andrew Ladd (NYR)
3 - Joonas Korpisalo (NYR)

Power Play

Rangers - 0 on 4 Attempt(s) - 0,00%
MapleLeafs - 0 on 4 Attempt(s) - 0,00%

Penalty Kill

Rangers - 4 on 4 Attempt(s) - 100,00% - Score 0 goal in Penalty Kill
MapleLeafs - 4 on 4 Attempt(s) - 100,00% - Score 0 goal in Penalty Kill

Team Stat

Rangers - Hits : 25 - Faceoff Wins : 42 - Blocked Shots : 6 - Penalty Minutes : 27
MapleLeafs - Hits : 26 - Faceoff Wins : 40 - Blocked Shots : 11 - Penalty Minutes : 27

Official

Referees : Marc Joannette and Trevor Hanson
Linesman : Derek Wahl and Greg Devorski

Game Notes

Joel Edmundson beats up Erik Cernak at 19:43 of 1st period
Erik Cernak is injured at 6:58 of 2nd period (Back Spasms)
General Fight at 13:43 of 3rd period
Zach Hyman beats up Samuel Blais at 13:43 of 3rd period
Cody Ceci and Matt Niskanen fight to a draw at 13:43 of 3rd period

Finance

Level 1 -- Attendance: 6133 (94,35%) -- Ticket Income 748 226 $
Level 2 -- Attendance: 3382 (67,64%) -- Ticket Income 405 840 $
Level 3 -- Attendance: 2264 (64,69%) -- Ticket Income 181 120 $
Level 4 -- Attendance: 1800 (63,85%) -- Ticket Income 108 000 $
Luxury Box -- Attendance: 933 (93,30%) -- Ticket Income 223 920 $
Game was played at the Air Canada Center.
Total Attendance: 14512 (77,11%)
Total Ticket Income: 1 667 106 $
Other Income: 816 882 $
Total Income: 2 483 988 $

% Time on Ice - Rangers

Lines # - Real PCT - Wanted PCT - Time Play
Normal Forward
1 - 37% - 43% - 16:56
2 - 26% - 33% - 11:55
3 - 19% - 15% - 8:29
4 - 18% - 9% - 8:12
Normal Defense
1 - 40% - 44% - 18:01
2 - 25% - 33% - 11:12
3 - 36% - 23% - 16:19
4 - 0% - 0% - 0:00
PP Forward
1 - 24% - 55% - 1:26
2 - 76% - 45% - 4:31
PP Defense
1 - 42% - 55% - 2:31
2 - 58% - 45% - 3:26
PK Forward
1 - 58% - 55% - 3:46
2 - 42% - 45% - 2:46
PK Defense
1 - 51% - 55% - 3:18
2 - 49% - 45% - 3:14
PK3 Forward
1 - 0% - 55%
2 - 0% - 45%
PK3 Defense
1 - 0% - 55%
2 - 0% - 45%
44 Forward
1 - 100% - 55% - 1:59
2 - 0% - 45% - 0:00
44 Defense
1 - 71% - 55% - 1:25
2 - 29% - 45% - 0:34
Last Minute Offensive  - 0:00
Last Minute Defensive  - 0:00
Total
Forward - 60:00
Defense - 60:00

% Time on Ice - MapleLeafs

Lines # - Real PCT - Wanted PCT - Time Play
Normal Forward
1 - 34% - 35% - 15:22
2 - 29% - 33% - 13:23
3 - 21% - 20% - 9:43
4 - 16% - 12% - 7:04
Normal Defense
1 - 36% - 35% - 16:29
2 - 32% - 33% - 14:21
3 - 32% - 32% - 14:42
4 - 0% - 0% - 0:00
PP Forward
1 - 48% - 52% - 3:07
2 - 52% - 48% - 3:25
PP Defense
1 - 45% - 52% - 2:55
2 - 55% - 48% - 3:37
PK Forward
1 - 72% - 56% - 4:18
2 - 28% - 44% - 1:39
PK Defense
1 - 36% - 56% - 2:08
2 - 64% - 44% - 3:49
PK3 Forward
1 - 45% - 50% - 0:53
2 - 55% - 50% - 1:06
PK3 Defense
1 - 100% - 50% - 1:59
2 - 0% - 50% - 0:00
44 Forward
1 - 0% - 60%
2 - 0% - 40%
44 Defense
1 - 0% - 60%
2 - 0% - 40%
Last Minute Offensive  - 0:00
Last Minute Defensive  - 0:00
Total
Forward - 60:00
Defense - 60:00

Play-by-Play

1st period


0:01 of 1st period - Sebastian Aho wins face-off versus Connor McDavid in neutral zone.
0:33 of 1st period - Sebastian Aho is hit by Matt Niskanen and loses puck.
0:49 of 1st period - Connor McDavid is hit by Ondrej Palat.
1:13 of 1st period - Shot by Vincent Trocheck.
1:13 of 1st period - Shot Misses the Net.
1:19 of 1st period - Shot by Vincent Trocheck.
1:19 of 1st period - Shot Misses the Net.
1:32 of 1st period - Icing by Vincent Trocheck.
1:33 of 1st period - Jay Beagle wins face-off versus Vincent Trocheck in Rangers zone.
1:33 of 1st period - Ryan Murray is hit by Ryan McDonagh and loses puck.
2:11 of 1st period - Roope Hintz is hit by Cal Clutterbuck and loses puck.
2:21 of 1st period - Icing by Erik Cernak.
2:22 of 1st period - Nick Bonino wins face-off versus Tomas Jurco in Rangers zone.
2:27 of 1st period - Shot by Nick Bonino.
2:27 of 1st period - Shot Misses the Net.
2:29 of 1st period - Shot by Cal Clutterbuck.
2:29 of 1st period - Stopped by Jimmy Howard without a rebound.
2:30 of 1st period - Brandon Pirri wins face-off versus Sebastian Aho in MapleLeafs zone.
2:35 of 1st period - Shot by Milan Lucic.
2:35 of 1st period - Shot Blocked by Anton Stralman.
2:37 of 1st period - Shot by Milan Lucic.
2:37 of 1st period - Shot Blocked by Dustin Brown.
2:39 of 1st period - Shot by Milan Lucic.
2:39 of 1st period - Shot Blocked by Anton Stralman.
3:14 of 1st period - Icing by Joel Edmundson.
3:15 of 1st period - Sebastian Aho wins face-off versus Alexander Radulov in MapleLeafs zone.
3:15 of 1st period - Sebastian Aho is hit by Zach Hyman.
3:18 of 1st period - Tyler Johnson is hit by Alexander Radulov and loses puck.
3:25 of 1st period - Joel Edmundson is hit by Zach Hyman and loses puck.
3:42 of 1st period - Shot by Alexander Radulov.
3:42 of 1st period - Stopped by Jimmy Howard with a rebound.
3:44 of 1st period - Shot by Zach Hyman.
3:44 of 1st period - Stopped by Jimmy Howard without a rebound.
3:45 of 1st period - Nick Bonino wins face-off versus Matt Duchene in MapleLeafs zone.
5:05 of 1st period - Shot by Andrew Ladd.
5:05 of 1st period - Stopped by Jimmy Howard without a rebound.
5:06 of 1st period - Connor McDavid wins face-off versus Jay Beagle in MapleLeafs zone.
5:06 of 1st period - Dmitry Kulikov is hit by Joel Edmundson and loses puck.
5:12 of 1st period - Roope Hintz is hit by Zach Hyman and loses puck.
5:42 of 1st period - Icing by Joel Edmundson.
5:43 of 1st period - Brandon Pirri wins face-off versus Jay Beagle in MapleLeafs zone.
5:46 of 1st period - Shot by Milan Lucic.
5:46 of 1st period - Stopped by Jimmy Howard with a rebound.
6:21 of 1st period - Sebastian Aho is hit by David Savard.
6:35 of 1st period - Shot by Dustin Brown.
6:35 of 1st period - Stopped by Joonas Korpisalo without a rebound.
6:36 of 1st period - Connor McDavid wins face-off versus Matt Duchene in Rangers zone.
7:09 of 1st period - Shot by Zach Hyman.
7:09 of 1st period - Shot Misses the Net.
7:14 of 1st period - Minor Penalty to Connor McDavid for Roughing.
7:15 of 1st period - Sebastian Aho wins face-off versus Vincent Trocheck in Rangers zone.
7:16 of 1st period - Shot by Mike Matheson.
7:16 of 1st period - Stopped by Joonas Korpisalo without a rebound.
7:17 of 1st period - Tyler Johnson wins face-off versus Vincent Trocheck in Rangers zone.
7:32 of 1st period - Shot by Joel Edmundson.
7:32 of 1st period - Shot Blocked by Ryan McDonagh.
7:34 of 1st period - Shot by Dustin Brown.
7:34 of 1st period - Shot Misses the Net.
7:36 of 1st period - Shot by Dustin Brown.
7:36 of 1st period - Shot Misses the Net.
7:38 of 1st period - Shot by Mike Matheson.
7:38 of 1st period - Shot Misses the Net.
7:40 of 1st period - Shot by Joel Edmundson.
7:40 of 1st period - Shot Misses the Net.
7:58 of 1st period - Shot by Nick Bonino.
7:58 of 1st period - Shot Blocked by Joel Edmundson.
8:23 of 1st period - Icing by Anton Stralman.
8:24 of 1st period - Matt Duchene wins face-off versus Vincent Trocheck in MapleLeafs zone.
9:10 of 1st period - Icing by Anton Stralman.
9:11 of 1st period - Matt Duchene wins face-off versus Nick Bonino in MapleLeafs zone.
9:35 of 1st period - Shot by Zach Hyman.
9:35 of 1st period - Shot Misses the Net.
9:37 of 1st period - Shot by Erik Cernak.
9:37 of 1st period - Deflect By Connor McDavid.
9:37 of 1st period - Stopped by Jimmy Howard without a rebound.
9:38 of 1st period - Brandon Pirri wins face-off versus Sebastian Aho in MapleLeafs zone.
9:55 of 1st period - Shot by Tyler Johnson.
9:55 of 1st period - Shot Misses the Net.
10:04 of 1st period - Icing by Joel Edmundson.
10:05 of 1st period - Vincent Trocheck wins face-off versus Sebastian Aho in MapleLeafs zone.
10:13 of 1st period - Shot by Cam Atkinson.
10:13 of 1st period - Shot Misses the Net.
10:19 of 1st period - Shot by Cam Atkinson.
10:19 of 1st period - Stopped by Jimmy Howard with a rebound.
10:27 of 1st period - Shot by Cam Atkinson.
10:27 of 1st period - Stopped by Jimmy Howard with a rebound.
11:10 of 1st period - Icing by Erik Cernak.
11:11 of 1st period - Matt Duchene wins face-off versus Connor McDavid in Rangers zone.
11:23 of 1st period - Cody Ceci is hit by Alexander Radulov.
11:47 of 1st period - Icing by Mike Matheson.
11:48 of 1st period - Matt Duchene wins face-off versus Nick Bonino in MapleLeafs zone.
12:01 of 1st period - Ondrej Palat is hit by Cal Clutterbuck and loses puck.
12:11 of 1st period - Icing by Mike Matheson.
12:12 of 1st period - Cam Atkinson wins face-off versus Matt Duchene in MapleLeafs zone.
12:16 of 1st period - Icing by Cody Ceci.
12:17 of 1st period - Vincent Trocheck wins face-off versus Kyle Okposo in MapleLeafs zone.
13:47 of 1st period - Shot by Nick Leddy.
13:47 of 1st period - Shot Blocked by Anton Stralman.
14:14 of 1st period - Sebastian Aho is hit by Matt Niskanen and loses puck.
14:21 of 1st period - Shot by Tyler Johnson.
14:21 of 1st period - Shot Blocked by Nick Leddy.
14:23 of 1st period - Shot by Mike Matheson.
14:23 of 1st period - Stopped by Joonas Korpisalo with a rebound.
14:29 of 1st period - Shot by Sebastian Aho.
14:29 of 1st period - Shot Misses the Net.
14:55 of 1st period - Off-side.
14:56 of 1st period - Jay Beagle wins face-off versus Devin Shore in neutral zone.
16:08 of 1st period - Shot by Nick Bonino.
16:08 of 1st period - Stopped by Jimmy Howard with a rebound.
16:10 of 1st period - Shot by Ryan McDonagh.
16:10 of 1st period - Stopped by Jimmy Howard without a rebound.
16:11 of 1st period - Vincent Trocheck wins face-off versus Ondrej Palat in MapleLeafs zone.
16:43 of 1st period - Shot by Ondrej Palat.
16:43 of 1st period - Stopped by Joonas Korpisalo without a rebound.
16:44 of 1st period - Sebastian Aho wins face-off versus Connor McDavid in Rangers zone.
16:51 of 1st period - Shot by Sebastian Aho.
16:51 of 1st period - Stopped by Joonas Korpisalo with a rebound.
16:53 of 1st period - Shot by Sebastian Aho.
16:53 of 1st period - Stopped by Joonas Korpisalo without a rebound.
16:54 of 1st period - Jay Beagle wins face-off versus Nick Bonino in Rangers zone.
17:04 of 1st period - Icing by Nick Bonino.
17:05 of 1st period - Nick Bonino wins face-off versus Sebastian Aho in Rangers zone.
17:05 of 1st period - Cal Clutterbuck is hit by Tyler Johnson and loses puck.
17:12 of 1st period - Shot by Sebastian Aho.
17:12 of 1st period - Shot Blocked by David Savard.
17:23 of 1st period - Ryan McDonagh is hit by Dustin Brown and loses puck.
17:30 of 1st period - Shot by Cody Ceci.
17:30 of 1st period - Stopped by Joonas Korpisalo without a rebound.
17:31 of 1st period - Connor McDavid wins face-off versus Matt Duchene in Rangers zone.
17:31 of 1st period - Connor McDavid is hit by Kyle Okposo.
17:34 of 1st period - Icing by Matt Niskanen.
17:35 of 1st period - Matt Duchene wins face-off versus Connor McDavid in Rangers zone.
17:43 of 1st period - Off-side.
17:44 of 1st period - Sebastian Aho wins face-off versus Connor McDavid in neutral zone.
17:44 of 1st period - Ryan Murray is hit by Zach Hyman.
17:59 of 1st period - Icing by Nick Leddy.
18:00 of 1st period - Matt Duchene wins face-off versus Connor McDavid in Rangers zone.
18:01 of 1st period - Shot by Mike Matheson.
18:01 of 1st period - Deflect By Ondrej Palat.
18:01 of 1st period - Shot Misses the Net.
18:03 of 1st period - Shot by Cody Ceci.
18:03 of 1st period - Stopped by Joonas Korpisalo without a rebound.
18:04 of 1st period - Matt Duchene wins face-off versus Cam Atkinson in Rangers zone.
18:04 of 1st period - Ryan Murray is hit by Matt Niskanen.
18:08 of 1st period - Shot by Ondrej Palat.
18:08 of 1st period - Stopped by Joonas Korpisalo without a rebound.
18:09 of 1st period - Matt Duchene wins face-off versus Connor McDavid in Rangers zone.
18:09 of 1st period - Ryan Murray is hit by Nick Leddy and loses puck.
19:06 of 1st period - Shot by Sebastian Aho.
19:06 of 1st period - Stopped by Joonas Korpisalo without a rebound.
19:07 of 1st period - Vincent Trocheck wins face-off versus Jay Beagle in Rangers zone.
19:40 of 1st period - Shot by Roope Hintz.
19:40 of 1st period - Shot Misses the Net.
19:43 of 1st period - Joel Edmundson beats up Erik Cernak.
19:43 of 1st period - Penalty to Joel Edmundson for Fighting.
19:43 of 1st period - Penalty to Erik Cernak for Fighting.
19:44 of 1st period - Sebastian Aho wins face-off versus Nick Bonino in Rangers zone.
19:44 of 1st period - Sebastian Aho is hit by David Savard.
19:46 of 1st period - Shot by Cody Ceci.
19:46 of 1st period - Stopped by Joonas Korpisalo without a rebound.
19:47 of 1st period - Nick Bonino wins face-off versus Sebastian Aho in Rangers zone.
19:53 of 1st period - Off-side.
19:54 of 1st period - Nick Bonino wins face-off versus Sebastian Aho in neutral zone.
19:54 of 1st period - Nick Bonino is hit by Dustin Brown.
Goals for this period are 0 for Rangers vs 0 for MapleLeafs.
Shots for this period are 10 for Rangers vs 11 for MapleLeafs.

2nd period


0:01 of 2nd period - Matt Duchene wins face-off versus Connor McDavid in neutral zone.
0:06 of 2nd period - Shot by Ondrej Palat.
0:06 of 2nd period - Shot Misses the Net.
0:32 of 2nd period - Shot by Zach Hyman.
0:32 of 2nd period - Shot Misses the Net.
0:55 of 2nd period - Icing by Matt Niskanen.
0:56 of 2nd period - Sebastian Aho wins face-off versus Connor McDavid in Rangers zone.
1:29 of 2nd period - Shot by Dustin Brown.
1:29 of 2nd period - Shot Misses the Net.
1:47 of 2nd period - Minor Penalty to Tyler Johnson for Roughing.
1:48 of 2nd period - Jack Hughes wins face-off versus Vincent Trocheck in MapleLeafs zone.
2:25 of 2nd period - Shot by Nick Bonino.
2:25 of 2nd period - Stopped by Jimmy Howard with a rebound.
3:31 of 2nd period - Shot by Nick Bonino.
3:31 of 2nd period - Stopped by Jimmy Howard with a rebound.
3:57 of 2nd period - Shot by Milan Lucic.
3:57 of 2nd period - Stopped by Jimmy Howard with a rebound.
3:59 of 2nd period - Shot by Devin Shore.
3:59 of 2nd period - Shot Blocked by Jay Beagle.
4:01 of 2nd period - Shot by David Savard.
4:01 of 2nd period - Stopped by Jimmy Howard without a rebound.
4:02 of 2nd period - Jay Beagle wins face-off versus Zach Hyman in MapleLeafs zone.
4:43 of 2nd period - Minor Penalty to Leo Komarov for Hooking.
4:44 of 2nd period - Sebastian Aho wins face-off versus Vincent Trocheck in MapleLeafs zone.
4:49 of 2nd period - Matt Duchene is hit by Vincent Trocheck and loses puck.
4:56 of 2nd period - Shot by Cam Atkinson.
4:56 of 2nd period - Shot Misses the Net.
4:58 of 2nd period - Shot by Vincent Trocheck.
4:58 of 2nd period - Shot Blocked by Ryan Murray.
5:00 of 2nd period - Shot by Ryan McDonagh.
5:00 of 2nd period - Stopped by Jimmy Howard with a rebound.
5:02 of 2nd period - Shot by Noel Acciari.
5:02 of 2nd period - Stopped by Jimmy Howard without a rebound.
5:03 of 2nd period - Sebastian Aho wins face-off versus Alexander Radulov in MapleLeafs zone.
6:24 of 2nd period - Shot by Nick Bonino.
6:24 of 2nd period - Shot Misses the Net.
6:58 of 2nd period - Shot by Roope Hintz.
6:58 of 2nd period - Shot Blocked by Erik Cernak.
6:58 of 2nd period - Erik Cernak from Rangers is injured at 6:58 of 2nd period (Back Spasms).
6:59 of 2nd period - Brandon Pirri wins face-off versus Tomas Jurco in Rangers zone.
6:59 of 2nd period - David Savard is hit by Leo Komarov and loses puck.
7:10 of 2nd period - Jack Hughes is hit by Devin Shore and loses puck.
7:20 of 2nd period - Devin Shore is hit by Derrick Pouliot.
8:04 of 2nd period - Shot by Jay Beagle.
8:04 of 2nd period - Stopped by Joonas Korpisalo without a rebound.
8:05 of 2nd period - Andrew Ladd wins face-off versus Matt Duchene in Rangers zone.
8:05 of 2nd period - Andrew Ladd is hit by Ondrej Palat.
8:30 of 2nd period - Shot by Cam Atkinson.
8:30 of 2nd period - Stopped by Jimmy Howard without a rebound.
8:31 of 2nd period - Nick Bonino wins face-off versus Sebastian Aho in MapleLeafs zone.
8:38 of 2nd period - Nick Bonino is hit by Sebastian Aho and loses puck.
9:48 of 2nd period - Shot by Andrew Ladd.
9:48 of 2nd period - Stopped by Jimmy Howard with a rebound.
9:54 of 2nd period - Shot by Vincent Trocheck.
9:54 of 2nd period - Stopped by Jimmy Howard with a rebound.
9:56 of 2nd period - Shot by Andrew Ladd.
9:56 of 2nd period - Goal by Andrew Ladd - Rangers : 1 - MapleLeafs : 0.
9:57 of 2nd period - Zach Hyman wins face-off versus Jay Beagle in neutral zone.
10:10 of 2nd period - Icing by Anton Stralman.
10:11 of 2nd period - Jay Beagle wins face-off versus Brandon Pirri in MapleLeafs zone.
10:11 of 2nd period - Roope Hintz is hit by Devin Shore and loses puck.
10:15 of 2nd period - Samuel Blais is hit by Milan Lucic and loses puck.
10:20 of 2nd period - Milan Lucic is hit by Samuel Blais and loses puck.
10:38 of 2nd period - Minor Penalty to Dmitry Kulikov for Tripping.
10:39 of 2nd period - Sebastian Aho wins face-off versus Vincent Trocheck in Rangers zone.
10:50 of 2nd period - Shot by Ryan Murray.
10:50 of 2nd period - Stopped by Joonas Korpisalo without a rebound.
10:51 of 2nd period - Vincent Trocheck wins face-off versus Matt Duchene in Rangers zone.
10:51 of 2nd period - Vincent Trocheck is hit by Ondrej Palat.
11:07 of 2nd period - Shot by Ondrej Palat.
11:07 of 2nd period - Deflect By Matt Duchene.
11:07 of 2nd period - Shot Misses the Net.
11:09 of 2nd period - Shot by Matt Duchene.
11:09 of 2nd period - Shot Blocked by Cal Clutterbuck.
13:06 of 2nd period - Shot by Milan Lucic.
13:06 of 2nd period - Shot Misses the Net.
13:29 of 2nd period - Vincent Trocheck is hit by Derrick Pouliot.
13:54 of 2nd period - Icing by Tomas Jurco.
13:55 of 2nd period - Nick Bonino wins face-off versus Tomas Jurco in MapleLeafs zone.
14:07 of 2nd period - Icing by Ryan Murray.
14:08 of 2nd period - Connor McDavid wins face-off versus Tomas Jurco in MapleLeafs zone.
14:22 of 2nd period - Connor McDavid is hit by Derrick Pouliot and loses puck.
14:33 of 2nd period - Shot by Alexander Radulov.
14:33 of 2nd period - Shot Misses the Net.
14:54 of 2nd period - Matt Niskanen is hit by Sebastian Aho and loses puck.
15:16 of 2nd period - Shot by Sebastian Aho.
15:16 of 2nd period - Shot Misses the Net.
15:23 of 2nd period - Cal Clutterbuck is hit by Dustin Brown and loses puck.
16:13 of 2nd period - Icing by Anton Stralman.
16:14 of 2nd period - Brandon Pirri wins face-off versus Matt Duchene in MapleLeafs zone.
16:39 of 2nd period - Shot by Milan Lucic.
16:39 of 2nd period - Shot Blocked by Anton Stralman.
16:41 of 2nd period - Shot by Dmitry Kulikov.
16:41 of 2nd period - Shot Misses the Net.
16:46 of 2nd period - Icing by Anton Stralman.
16:47 of 2nd period - Matt Duchene wins face-off versus Connor McDavid in MapleLeafs zone.
17:20 of 2nd period - Shot by Sebastian Aho.
17:20 of 2nd period - Shot Misses the Net.
17:22 of 2nd period - Shot by Dustin Brown.
17:22 of 2nd period - Stopped by Joonas Korpisalo without a rebound.
17:23 of 2nd period - Jay Beagle wins face-off versus Vincent Trocheck in Rangers zone.
17:37 of 2nd period - Cody Ceci is hit by Vincent Trocheck and loses puck.
18:14 of 2nd period - Off-side.
18:15 of 2nd period - Connor McDavid wins face-off versus Dustin Brown in neutral zone.
18:28 of 2nd period - Shot by Connor McDavid.
18:28 of 2nd period - Stopped by Jimmy Howard with a rebound.
Goals for this period are 1 for Rangers vs 0 for MapleLeafs.
Shots for this period are 11 for Rangers vs 3 for MapleLeafs.

3rd period


0:01 of 3rd period - Matt Duchene wins face-off versus Connor McDavid in neutral zone.
0:09 of 3rd period - Cody Ceci is hit by Ryan McDonagh and loses puck.
1:03 of 3rd period - Shot by Sebastian Aho.
1:03 of 3rd period - Shot Misses the Net.
1:55 of 3rd period - Joel Edmundson is hit by Cal Clutterbuck and loses puck.
2:02 of 3rd period - Shot by Nick Bonino.
2:02 of 3rd period - Stopped by Jimmy Howard without a rebound.
2:03 of 3rd period - Jay Beagle wins face-off versus Brandon Pirri in MapleLeafs zone.
2:03 of 3rd period - Derrick Pouliot is hit by Milan Lucic and loses puck.
2:12 of 3rd period - Shot by Brandon Pirri.
2:12 of 3rd period - Stopped by Jimmy Howard without a rebound.
2:13 of 3rd period - Nick Bonino wins face-off versus Matt Duchene in MapleLeafs zone.
2:18 of 3rd period - Shot by Cal Clutterbuck.
2:18 of 3rd period - Shot Misses the Net.
2:33 of 3rd period - Minor Penalty to David Savard for Hooking.
2:34 of 3rd period - Vincent Trocheck wins face-off versus Matt Duchene in Rangers zone.
2:45 of 3rd period - Matt Niskanen is hit by Ondrej Palat and loses puck.
3:42 of 3rd period - Shot by Mike Matheson.
3:42 of 3rd period - Stopped by Joonas Korpisalo without a rebound.
3:43 of 3rd period - Vincent Trocheck wins face-off versus Matt Duchene in Rangers zone.
3:58 of 3rd period - Shot by Matt Duchene.
3:58 of 3rd period - Stopped by Joonas Korpisalo without a rebound.
3:59 of 3rd period - Vincent Trocheck wins face-off versus Sebastian Aho in Rangers zone.
3:59 of 3rd period - Vincent Trocheck is hit by Dustin Brown.
4:09 of 3rd period - Shot by Mike Matheson.
4:09 of 3rd period - Stopped by Joonas Korpisalo with a rebound.
4:11 of 3rd period - Shot by Joel Edmundson.
4:11 of 3rd period - Stopped by Joonas Korpisalo without a rebound.
4:12 of 3rd period - Vincent Trocheck wins face-off versus Matt Duchene in Rangers zone.
4:35 of 3rd period - Shot by Roope Hintz.
4:35 of 3rd period - Stopped by Joonas Korpisalo without a rebound.
4:36 of 3rd period - Jay Beagle wins face-off versus Connor McDavid in Rangers zone.
5:03 of 3rd period - Shot by Alexander Radulov.
5:03 of 3rd period - Stopped by Jimmy Howard without a rebound.
5:04 of 3rd period - Sebastian Aho wins face-off versus Vincent Trocheck in MapleLeafs zone.
5:19 of 3rd period - Shot by Cam Atkinson.
5:19 of 3rd period - Goal by Cam Atkinson - Rangers : 2 - MapleLeafs : 0.
5:20 of 3rd period - Nick Bonino wins face-off versus Tomas Jurco in neutral zone.
5:59 of 3rd period - Shot by Nick Bonino.
5:59 of 3rd period - Shot Blocked by Joel Edmundson.
6:35 of 3rd period - Shot by Connor McDavid.
6:35 of 3rd period - Stopped by Jimmy Howard without a rebound.
6:36 of 3rd period - Vincent Trocheck wins face-off versus Sebastian Aho in MapleLeafs zone.
7:44 of 3rd period - Minor Penalty to Ondrej Palat for High sticking.
7:45 of 3rd period - Connor McDavid wins face-off versus Jack Hughes in MapleLeafs zone.
8:00 of 3rd period - Shot by Connor McDavid.
8:00 of 3rd period - Shot Misses the Net.
8:02 of 3rd period - Shot by Ryan McDonagh.
8:02 of 3rd period - Stopped by Jimmy Howard without a rebound.
8:03 of 3rd period - Sebastian Aho wins face-off versus Vincent Trocheck in MapleLeafs zone.
8:35 of 3rd period - Shot by Noel Acciari.
8:35 of 3rd period - Shot Misses the Net.
9:13 of 3rd period - Shot by Jack Hughes.
9:13 of 3rd period - Stopped by Joonas Korpisalo with a rebound.
9:15 of 3rd period - Shot by Ryan Murray.
9:15 of 3rd period - Stopped by Joonas Korpisalo with a rebound.
9:55 of 3rd period - Shot by Roope Hintz.
9:55 of 3rd period - Shot Blocked by David Savard.
10:13 of 3rd period - Dmitry Kulikov is hit by Mike Matheson and loses puck.
10:58 of 3rd period - Shot by Ondrej Palat.
10:58 of 3rd period - Shot Misses the Net.
11:00 of 3rd period - Shot by Kyle Okposo.
11:00 of 3rd period - Deflect By Matt Duchene.
11:00 of 3rd period - Shot Misses the Net.
11:56 of 3rd period - Devin Shore is hit by Tyler Johnson and loses puck.
12:13 of 3rd period - Shot by Cam Atkinson.
12:13 of 3rd period - Stopped by Jimmy Howard with a rebound.
12:15 of 3rd period - Shot by Matt Niskanen.
12:15 of 3rd period - Stopped by Jimmy Howard without a rebound.
12:16 of 3rd period - Vincent Trocheck wins face-off versus Matt Duchene in MapleLeafs zone.
12:21 of 3rd period - Shot by Cam Atkinson.
12:21 of 3rd period - Shot Misses the Net.
13:04 of 3rd period - Icing by Sebastian Aho.
13:05 of 3rd period - Sebastian Aho wins face-off versus Connor McDavid in MapleLeafs zone.
13:23 of 3rd period - Icing by Nick Leddy.
13:24 of 3rd period - Alexander Radulov wins face-off versus Samuel Blais in Rangers zone.
13:24 of 3rd period - Alexander Radulov is hit by Roope Hintz.
13:43 of 3rd period - Zach Hyman beats up Samuel Blais.
13:43 of 3rd period - Penalty to Samuel Blais for Fighting.
13:43 of 3rd period - Penalty to Zach Hyman for Fighting.
13:43 of 3rd period - Cody Ceci and Matt Niskanen fight to a draw.
13:43 of 3rd period - Penalty to Cody Ceci for Fighting.
13:43 of 3rd period - Penalty to Matt Niskanen for Fighting.
13:43 of 3rd period - Minor Penalty to Jay Beagle for Roughing.
13:43 of 3rd period - Minor Penalty to Roope Hintz for Cross-checking.
13:43 of 3rd period - Minor Penalty to Nick Leddy for Slashing.
13:43 of 3rd period - Minor Penalty to Alexander Radulov for Slashing.
13:43 of 3rd period - Minor Penalty to Mike Matheson for High sticking.
13:44 of 3rd period - Connor McDavid wins face-off versus Sebastian Aho in MapleLeafs zone.
13:44 of 3rd period - Ryan McDonagh is hit by Joel Edmundson and loses puck.
14:28 of 3rd period - Icing by Ryan McDonagh.
14:29 of 3rd period - Sebastian Aho wins face-off versus Devin Shore in Rangers zone.
14:41 of 3rd period - Devin Shore is hit by Derrick Pouliot and loses puck.
15:30 of 3rd period - Shot by Connor McDavid.
15:30 of 3rd period - Deflect By Cam Atkinson.
15:30 of 3rd period - Stopped by Jimmy Howard without a rebound.
15:31 of 3rd period - Brandon Pirri wins face-off versus Matt Duchene in MapleLeafs zone.
15:36 of 3rd period - Shot by Milan Lucic.
15:36 of 3rd period - Shot Misses the Net.
15:52 of 3rd period - Shot by Vincent Trocheck.
15:52 of 3rd period - Stopped by Jimmy Howard without a rebound.
15:53 of 3rd period - Nick Bonino wins face-off versus Tomas Jurco in MapleLeafs zone.
15:59 of 3rd period - Off-side.
16:00 of 3rd period - Sebastian Aho wins face-off versus Connor McDavid in neutral zone.
16:17 of 3rd period - Shot by Mike Matheson.
16:17 of 3rd period - Stopped by Joonas Korpisalo without a rebound.
16:18 of 3rd period - Matt Duchene wins face-off versus Nick Bonino in Rangers zone.
16:18 of 3rd period - Matt Duchene is hit by David Savard.
16:41 of 3rd period - Nick Bonino is hit by Joel Edmundson and loses puck.
16:44 of 3rd period - Shot by Cal Clutterbuck.
16:44 of 3rd period - Shot Blocked by Joel Edmundson.
16:49 of 3rd period - Nick Bonino is hit by Joel Edmundson and loses puck.
17:22 of 3rd period - Shot by Connor McDavid.
17:22 of 3rd period - Stopped by Jimmy Howard with a rebound.
17:25 of 3rd period - Icing by Derrick Pouliot.
17:26 of 3rd period - Sebastian Aho wins face-off versus Brandon Pirri in MapleLeafs zone.
18:02 of 3rd period - Shot by Sebastian Aho.
18:02 of 3rd period - Goal by Sebastian Aho - Rangers : 2 - MapleLeafs : 1.
18:03 of 3rd period - Connor McDavid wins face-off versus Jay Beagle in neutral zone.
18:22 of 3rd period - Shot by Connor McDavid.
18:22 of 3rd period - Stopped by Jimmy Howard without a rebound.
18:23 of 3rd period - Nick Bonino wins face-off versus Tomas Jurco in MapleLeafs zone.
18:27 of 3rd period - Shot by Nick Bonino.
18:27 of 3rd period - Goal by Nick Bonino - Rangers : 3 - MapleLeafs : 1.
18:28 of 3rd period - Cam Atkinson wins face-off versus Matt Duchene in neutral zone.
18:31 of 3rd period - Shot by Cam Atkinson.
18:31 of 3rd period - Shot Blocked by Mike Matheson.
18:51 of 3rd period - Shot by Kyle Okposo.
18:51 of 3rd period - Stopped by Joonas Korpisalo without a rebound.
18:52 of 3rd period - Jay Beagle wins face-off versus Connor McDavid in Rangers zone.
19:14 of 3rd period - Shot by Roope Hintz.
19:14 of 3rd period - Stopped by Joonas Korpisalo without a rebound.
19:15 of 3rd period - Matt Duchene wins face-off versus Andrew Ladd in Rangers zone.
19:15 of 3rd period - Matt Duchene is hit by Dmitry Kulikov.
19:24 of 3rd period - Minor Penalty to Dmitry Kulikov for Hooking.
19:25 of 3rd period - Vincent Trocheck wins face-off versus Sebastian Aho in Rangers zone.
19:25 of 3rd period - Cal Clutterbuck is hit by Dustin Brown.
Goals for this period are 2 for Rangers vs 1 for MapleLeafs.
Shots for this period are 13 for Rangers vs 11 for MapleLeafs.